 Dungeon Crawl Stone Soup version 0.20.1-1-g8b1a95d (console) character file.

115 bli the Skirmisher (level 4, -4/45 HPs)
             Began as a Draconian Wanderer on July 16, 2017.
             Was an Initiate of Okawaru.
             Killed by nerve-wracking pain
             ... invoked by an orc priest
              (13 damage)
             ... on level 3 of the Dungeon.
             The game lasted 00:08:08 (1624 turns).

bli the Skirmisher (Draconian Wanderer)             Turns: 1624, Time: 00:08:09

Health: -4/45      AC:  5    Str: 14    XL:     4   Next: 68%
Magic:  4/4        EV: 11    Int: 15    God:    Okawaru [......]
Gold:   143        SH:  0    Dex:  9    Spells: 3/3 levels left

rFire    . . .     SeeInvis .   b - +1 mace (holy)
rCold    + . .     Gourm    .   (no shield)
rNeg     . . .     Faith    .   (armour unavailable)
rPois    +         Spirit   .   (helmet restricted)
rElec    .         Reflect  .   (no cloak)
rCorr    .         Harm     .   (no gloves)
MR       .....                  (no boots)
Stlth    ++........             (no amulet)
Regen    0.2/turn               n - ring of poison resistance
MPRegen  0.1/turn               B - ring of protection from cold

@: no status effects
A: unfitting armour, cold-blooded, AC +5
a: Renounce Religion


You were on level 3 of the Dungeon.
You worshipped Okawaru.
Okawaru was noncommittal.
You were not hungry.

You visited 1 branch of the dungeon, and saw 3 of its levels.

You collected 143 gold pieces.

Inventory:

Hand Weapons
 a - a +2 shortbow
 b - a +1 mace of holy wrath (weapon)
 d - a +0 dagger
Missiles
 l - 57 arrows
Jewellery
 n - a ring of poison resistance (left hand)
 r - an uncursed ring of ice
 t - an uncursed ring of magical power
 B - a ring of protection from cold (right hand)
Wands
 z - a wand of lightning (6/15)
Scrolls
 g - 6 scrolls of identify {unknown}
 m - a scroll of immolation {unknown}
 p - 3 scrolls of teleportation {unknown}
 q - a scroll of enchant armour {unknown}
 s - a scroll of remove curse {unknown}
 w - a scroll of blinking {unknown}
 y - a scroll of fog {unknown}
 A - a scroll of magic mapping {unknown}
Potions
 c - 5 potions of curing
 e - a potion of degeneration {unknown}
 h - a potion of haste {unknown}
 j - a potion of flight {unknown}
 k - a potion of resistance {unknown}
 o - a potion of cancellation {unknown}
 u - a potion of might {unknown}
 v - a potion of brilliance {unknown}
Comestibles
 f - 2 bread rations
 i - a meat ration
 x - 2 chunks of flesh


   Skills:
 * Level 6.7 Fighting
 + Level 1.2 Maces & Flails
 + Level 3.5 Bows
 + Level 1.7 Stealth


You had 3 spell levels left.
You didn't know any spells.

Dungeon Overview and Level Annotations

Branches:
Dungeon (3/15)

Altars:
Gozag
Okawaru

Shops:
D:2 *


Innate Abilities, Weirdness & Mutations

Your plain brown scales are hard. (AC +5)
You cannot fit into any form of body armour.
You are cold-blooded and may be slowed by cold attacks.


Message History

You sock the orc priest!
The orc priest is almost dead.
The orc priest invokes the aid of Beogh against you.
Beogh smites you! The orc hits you but does no damage.
The quokka bites you but does no damage.
The orc hits you with a dagger. The orc priest hits you with a dagger.
You sock the orc priest!
You kill the orc priest!
Okawaru accepts your kill.
The quokka bites you but does no damage.
The orc hits you with a mace.
The orc priest mumbles some strange prayers to Beogh against you.
Pain shoots through your body!
* * * LOW HITPOINT WARNING * * *
The orc barely misses you. The quokka misses you.
The orc hits you but does no damage.
You barely miss the orc priest. The orc misses you.
The quokka bites you but does no damage.
The orc priest calls down the wrath of Beogh upon you.
Pain shoots through your body!
You die...

...................#...#
...............<...#...#
...................#.....
...................#..####
......................#
...................#.##
....>..............#...
.......รท...........# #.#
...................# .#
...............r...#
...............o@..#
........)......(oo.#
......................
................(.......
...................$####
...................##
...............(..(#
...................#
.................
............ ........


You could see an orc priest, 2 orcs and a quokka.

Vanquished Creatures
  An orc priest (D:3)
  3 adders
  2 worms (D:3)
  3 dart slugs (D:1)
  2 leopard geckos (D:3)
  3 orcs (D:3)
  2 bats
  2 giant cockroaches
  3 goblins (D:3)
  5 hobgoblins
  4 jackals (D:3)
  2 quokkas (D:3)
  A frilled lizard (D:3)
  2 kobolds
  3 rats
38 creatures vanquished.

Notes
Turn   | Place    | Note
-------+----------+-------------------------------------------
     0 | D:1      | bli the Draconian Wanderer began the quest for the Orb.
     0 | D:1      | bli set off with: a +2 shortbow, 25 arrows, 2 potions of curing, a +0 dagger, a bread ration
     0 | D:1      | Reached XP level 1. HP: 23/23 MP: 1/1
   114 | D:1      | Reached XP level 2. HP: 30/30 MP: 2/2
   345 | D:2      | Found an iron altar of Okawaru.
   353 | D:2      | Became a worshipper of Warmaster Okawaru
   397 | D:2      | Reached skill level 6 in Fighting
   611 | D:2      | Found an opulent altar of Gozag.
   613 | D:2      | Found Gozag's Platinum Reserve.
   782 | D:2      | Reached XP level 3. HP: 36/38 MP: 3/3
  1247 | D:3      | Reached XP level 4. HP: 45/45 MP: 4/4
  1382 | D:3      | Reached skill level 1 in Maces & Flails
  1624 | D:3      | Killed from afar by an orc priest

Skill      XL: |  1  2  3  4 |
---------------+-------------+-----
Fighting       | 6 |  6.7
Bows           | 3 |  3.5
Maces & Flails | 1 |  1.2
Stealth        | |  1.7

Action                   |  1- 3 |  4- 6 || total
-------------------------+-------+-------++-------
Melee: Mace              |    23 |     9 ||    32
       Tailslap          |     1 |     1 ||     2
 Fire: Shortbow          |    51 |    18 ||    69
  Eat: Chunk             |     1 |     1 ||     2
Armor: Skin              |    14 |     8 ||    22
Dodge: Dodged            |    19 |     8 ||    27
